 Dungeon Crawl Stone Soup version 0.29.1-12-g30fa7ad0bf (webtiles) character file.

Game seed: 1892509133160703251

19 hawla the Firebug (level 3, -4/26 HPs)
             Began as a Meteoran Fire Elementalist on Jan 10, 2023.
             Slain by Terence
             ... wielding a +0 mace
              (6 damage)
             ... on level 2 of the Dungeon.
             The game lasted 00:02:20 (155 turns).

hawla the Firebug (Meteoran Fire Elementalist)       Turns: 155, Time: 00:02:20

Health: -4/26      AC:  2    Str: 10    XL:     3   Next: 11%
Magic:  4/8        EV: 12    Int: 18    God:
Gold:   34         SH:  0    Dex: 14    Spells: 5/8 levels left

rFire   . . .      SeeInvis .   (no weapon)
rCold   . . .      Faith    .   (no shield)
rNeg    . . .      Spirit   .   a - +0 robe
rPois   .          Reflect  .   (no helmet)
rElec   .          Harm     .   (no cloak)
rCorr   .          Rampage  .   (no gloves)
Will    .....                   (no boots)
Stlth   +.........              (no amulet)
HPRegen 0.08/turn               (no ring)
MPRegen 0.11/turn               (no ring)

@: brilliant, very slightly contaminated, glowing
A: sense surroundings 1, otherworldly, glowing, explore regen
a: no special abilities


You were on level 2 of the Dungeon.
You visited 1 branch of the dungeon, and saw 2 of its levels.

You collected 34 gold pieces.

Inventory:

Armour
 a - a +0 robe (worn)
Potions
 b - a potion of magic
 c - a potion of brilliance


   Skills:
 + Level 2.8 Dodging
 - Level 1.4 Stealth
 + Level 3.0 Spellcasting
 + Level 1.4 Conjurations
 + Level 4.2 Fire Magic


You had 5 spell levels left.
You knew the following spells:

 Your Spells              Type           Power      Damage    Failure   Level
a - Foxfire               Conj/Fire      76%        2x1d7     4%          1
b - Scorch                Fire           54%        2d7       4%          2

Your spell library contained the following spells:

 Spells                   Type           Power      Damage    Failure   Level
 Sting                    Tmut/Pois      16%        1d3       16%         1
 Conjure Flame            Conj/Fire      19%        6-21      16%         3
 Inner Flame              Hex/Fire       15%        N/A       21%         3
 Poisonous Vapours        Pois/Air       8%         N/A       24%         2
 Flame Wave               Conj/Fire      19%        2d7       45%         4
 Olgreb's Toxic Radiance  Pois           4%         N/A       85%         4


Dungeon Overview and Level Annotations

Branches:
Dungeon (2/15) Zot: 1044

Altars:

Shops:
D:2 *

Annotations:
D:2 Terence


Innate Abilities, Weirdness & Mutations

You passively map a small area around you.
You are easily found by Zot.
You glow in the dark.
You regain HP and MP as you explore.


Message History

Terence the Incautious comes into view.
He is wielding a +0 mace.
You see here a giant cockroach corpse.
Found Diviaboca's General Store.
Casting: Scorch (safe; 4% risk of failure)
Confirm with . or Enter, or press ? or * to list all spells.
Okay, then.
You see here a giant cockroach corpse.
Terence attacks as you move away! Terence hits you with a +0 mace!
Terence says, "Time to say good-bye..."
You aren't carrying any scrolls.
It was a potion of brilliance.
You feel clever all of a sudden. Terence misses you.
Casting: Scorch (safe; 4% risk of failure)
Confirm with . or Enter, or press ? or * to list all spells.
You feel a surge of power!
Flames lash Terence.
Terence is moderately wounded.
Terence's fire resistance burns away.
Terence hits you with a +0 mace.
Casting: Scorch (safe; 4% risk of failure)
Confirm with . or Enter, or press ? or * to list all spells.
You feel a surge of power!
Flames lash Terence.
Terence is burned terribly!
Terence is severely wounded.
Terence hits you with a +0 mace.
* * * LOW HITPOINT WARNING * * *
Unknown command.
Casting: Scorch (safe; 4% risk of failure)
Confirm with . or Enter, or press ? or * to list all spells.
You feel a surge of power!
You miscast Foxfire.
You are very lightly contaminated with residual magic.
Nothing appears to happen.
Terence hits you with a +0 mace.
* * * LOW HITPOINT WARNING * * *
The goblin hits you with a +0 club.
* * * LOW HITPOINT WARNING * * *
Okay, then.
Casting: Foxfire (safe; 4% risk of failure)
Confirm with . or Enter, or press ? or * to list all spells.
You feel a surge of power!
Flames lash Terence.
Terence is burned terribly!
Terence is almost dead.
Terence hits you with a +0 mace.
You die...

*,,* #.....$##.,* *,,*
#.....∩...,**** *,,*
#...#*,,,,,**,** *,,*
########.†##*,,****,,,** *,,*
*#.#.......# *,,**,,,,,,*
*,,*###,#..#####.# ******#,,,****
*,,,,..###.# ##.#####....,,,,,,,
*,,,**#†#..####.@g.....#***,*****
***,* *#........@####..#***,* *
*<* #..................,,* * *,*
#....####.####..#*#*** * #,*
#....# #.# *,,* * #.####.)..#
#.####..##** * #.#.......#
#.........>******* #...†.....#
######....,,,,,,,, ###....#.##
*,**#,******* ##.#.#.# *,* *,*


You could see Terence (combustible) and a goblin.

Vanquished Creatures
  A worm (D:2)
  A bat (D:1)
  3 endoplasms
  A giant cockroach (D:2)
  A goblin (D:2)
  A hobgoblin (D:2)
  2 jackals (D:1)
  2 kobolds
  A frilled lizard (D:2)
  A rat (D:1)
14 creatures vanquished.

Vanquished Creatures (others)
  26 foxfires
26 creatures vanquished.

Grand Total: 40 creatures vanquished

Notes
Turn   | Place    | Note
-------+----------+-------------------------------------------
     0 | D:1      | hawla the Meteoran Fire Elementalist began the quest for
                  | the Orb.
     0 | D:1      | Reached XP level 1. HP: 14/14 MP: 5/5
    42 | D:1      | Reached XP level 2. HP: 20/20 MP: 3/6
    44 | D:1      | Reached skill level 4 in Fire Magic
    48 | D:1      | Learned a level 2 spell: Scorch
   104 | D:2      | Reached XP level 3. HP: 17/26 MP: 1/8
   143 | D:2      | Noticed Terence
   144 | D:2      | Found Diviaboca's General Store.
   155 | D:2      | Slain by Terence

Illustrated notes

Levels and vault maps discovered:
D:1:      minmay_arrival_solitary_statue, layout_rooms,
          shapermc_ecumenical_altar_pompeii, corexii_corridor_pit
D:2:      layout_loops_ring, serial_shops, nicolae_square_shop,
          chequers_arboretum, uniq_terence

Skill      XL: |  1  2  3 |
---------------+----------+-----
Fire Magic     | 4 |  4.2
Spellcasting   | 3 |  3.0
Dodging        | |  2.8
Stealth        | |  1.4
Conjurations   | |  1.4

Action                   || total
-------------------------++-------
Melee: Unarmed           ||     4
 Cast: Foxfire           ||    15
       Scorch            ||     7
  Use: Scroll            ||     2
       Potion            ||     1
Armor: Robe              ||     4
Dodge: Dodged            ||     5
